 Dungeon Crawl Stone Soup version 0.29.1-15-g9cfb28693d (webtiles) character file.

Game seed: 7788941796223436400

77 protoss039 the Sneak (level 4, -1/26 HPs)
             Began as a Tengu Enchanter on Mar 25, 2023.
             Shot with a sling bullet by an orc (4 damage)
             ... on level 3 of the Dungeon.
             The game lasted 00:02:25 (2177 turns).

protoss039 the Sneak (Tengu Enchanter)              Turns: 2177, Time: 00:02:26

Health: -1/26      AC:  2    Str:  8    XL:     4   Next: 34%
Magic:  6/8        EV: 13    Int: 16    God:
Gold:   64         SH:  0    Dex: 16    Spells: 2/7 levels left

rFire   . . .      SeeInvis .   g - +0 short sword (venom)
rCold   . . .      Faith    .   (no shield)
rNeg    . . .      Spirit   .   b - +0 robe
rPois   .          Reflect  .   (helmet restricted)
rElec   .          Harm     .   (no cloak)
rCorr   .          Rampage  .   (no gloves)
Will    .....                   (boots unavailable)
Stlth   ++........              (no amulet)
HPRegen 0.08/turn               (no ring)
MPRegen 0.11/turn               (no ring)

@: no status effects
A: beak, talons 3
a: no special abilities


You were on level 3 of the Dungeon.
You visited 1 branch of the dungeon, and saw 3 of its levels.

You collected 64 gold pieces.

Inventory:

Hand Weapons
 g - a +0 short sword of venom (weapon)
Missiles
 e - 2 poisoned darts (quivered)
Armour
 b - a +0 robe (worn)
Magical Staves
 a - a staff of fire
Scrolls
 h - a scroll of identify {unknown}
 i - a scroll of acquirement {unknown}
 j - a scroll of noise {unknown}
 k - a scroll of blinking {unknown}
 m - a scroll of enchant weapon {unknown}
 n - a scroll of magic mapping {unknown}
 o - a scroll of teleportation {unknown}
Potions
 c - 2 potions of invisibility
 d - a potion of heal wounds {unknown}
 f - a potion of ambrosia {unknown}
 l - a potion of curing {unknown}


   Skills:
 * Level 2.2 Fighting
 + Level 2.0 Short Blades
 + Level 2.6 Dodging
 + Level 3.2 Stealth
 + Level 2.3 Spellcasting
 + Level 2.3 Hexes


You had 2 spell levels left.
You knew the following spells:

 Your Spells              Type           Power      Damage    Failure   Level
a - Ensorcelled Hibernat  Hex/Ice        10%        N/A       19%         2
b - Confusing Touch       Hex            9%         N/A       22%         3

Your spell library contained the following spells:

 Spells                   Type           Power      Damage    Failure   Level
 Tukima's Dance           Hex            9%         N/A       22%         3
 Dazzling Flash           Conj/Hex       10%        N/A       36%         3


Dungeon Overview and Level Annotations

Branches:
Dungeon (3/15) Zot: 15826

Altars:

Shops:
D:2 (


Innate Abilities, Weirdness & Mutations

You have a beak for a mouth.
You have claws for feet.


Message History

You hit the orc priest.
The orc priest is poisoned.
You claw the orc priest, but do no damage.
The orc priest is moderately wounded.
The orc priest barely misses you. The orc barely misses you.
Unknown command.
Casting: Ensorcelled Hibernation (safe; 19% risk of failure)
Confirm with . or Enter, or press ? or * to list all spells.
Aiming: Ensorcelled Hibernation (safe; 19% risk of failure)
Press: ? - help, Shift-Dir - straight line, f - orc
Aim: an orc, wielding a +0 whip (chance to affect: 56%)
Okay, then.
You hit the orc priest but do no damage.
The orc priest looks even sicker.
Your kick misses the orc priest.
The orc priest is moderately wounded.
The orc priest hits you with a +0 flail!
The orc hits you with a +0 whip.
Unknown command.
You hit the orc priest.
The orc priest looks as sick as possible!
The orc priest is heavily wounded.
The orc hits you with a +0 whip.
The orc priest calls down the wrath of Beogh upon you.
You barely resist.
Unknown command.
Casting: Ensorcelled Hibernation (safe; 19% risk of failure)
Confirm with . or Enter, or press ? or * to list all spells.
Aiming: Ensorcelled Hibernation (safe; 19% risk of failure)
Press: ? - help, Shift-Dir - straight line, f - orc
Aim: an orc, wielding a +0 whip (chance to affect: 56%)
The orc looks drowsy...
The orc priest calls down the wrath of Beogh upon you.
Beogh smites you!
* * * LOW HITPOINT WARNING * * *
An orc comes into view. It is wielding a +0 sling.
Unknown command.
The helpless orc fails to defend itself.
You puncture the orc!
You kill the orc!
You kill the orc priest!
The orc shoots a sling bullet.
The sling bullet hits you.
You die...

#..####.#.#.# ##.#
#...# #.# ###.#
#.# #.# #.######.#
#........#
#######......#
#..))o#......# #@#
#......# #.#
######.# # #.#
######.#####.#
#.#..............#
#.########.#)....#
#........#.#.###.#
########.#.......#
#.###)#####
#.###.#...#


You could see an orc.

Vanquished Creatures
  An orc priest (D:3)
  An adder (D:3)
  A worm (D:2)
  4 dart slugs
  4 orcs (D:3)
  4 ball pythons
  5 endoplasms
  2 giant cockroaches (D:2)
  5 goblins
  7 hobgoblins
  3 quokkas (D:2)
  4 bats
  2 frilled lizards
  4 kobolds (D:1)
  6 rats
53 creatures vanquished.

Notes
Turn   | Place    | Note
-------+----------+-------------------------------------------
     0 | D:1      | protoss039 the Tengu Enchanter began the quest for the Orb.
     0 | D:1      | Reached XP level 1. HP: 10/10 MP: 4/4
   346 | D:1      | Reached XP level 2. HP: 16/16 MP: 6/6
   396 | D:1      | Reached skill level 1 in Fighting
   960 | D:1      | Reached XP level 3. HP: 18/20 MP: 7/7
   968 | D:1      | Learned a level 2 spell: Ensorcelled Hibernation
   972 | D:1      | Learned a level 3 spell: Confusing Touch
  1406 | D:2      | Found Emur's Antique Weapon Boutique.
  1767 | D:2      | Reached XP level 4. HP: 26/26 MP: 8/8
  1884 | D:2      | Found a faded altar of an unknown god.
  1884 | D:2      | Noticed a ynoxinul
  2177 | D:3      | Shot with a sling bullet by an orc

Illustrated notes

Levels and vault maps discovered:
D:1:      psy_arrival_fountain, layout_basic
D:2:      layout_rooms, serial_shops, shop,
          dreamdust_ecumenical_altar_sealed_demon,
          hangedman_abyss_or_decor_lesser_grid
D:3:      minmay_razor_zed, layout_basic, amcnicky_altar_gilded,
          chequers_serial_rivers_small_a, grunt_ministairs_6, minmay_cupped,
          uniq_sigmund

Skill      XL: |  1  2  3  4 |
---------------+-------------+-----
Fighting       | 1 2 |  2.2
Short Blades   | 2 |  2.0
Dodging        | |  2.6
Stealth        | |  3.2
Spellcasting   | |  2.3
Hexes          | |  2.3

Action                   |  1- 3 |  4- 6 || total
-------------------------+-------+-------++-------
Melee: Dagger            |    56 |       ||    56
       Kick              |    20 |     7 ||    27
       Peck              |    14 |     5 ||    19
       Short sword       |    38 |    20 ||    58
Throw: Dart              |     3 |       ||     3
 Cast: Ensorcelled Hiber |       |     4 ||     4
 Stab: Sleeping          |    12 |     2 ||    14
Armor: Robe              |    21 |       ||    21
Dodge: Dodged            |    60 |    11 ||    71
